 Dungeon Crawl Stone Soup version 0.18.1-48-g4cf74bf (webtiles) character file.

137 Heedrag the Magician (level 5, -1/28 HPs)
             Began as a Deep Elf Conjurer on July 24, 2016.
             Slain by a goblin
             ... wielding a +0 club
              (2 damage)
             ... on level 3 of the Dungeon.
             The game lasted 00:05:11 (2242 turns).

Heedrag the Magician (Deep Elf Conjurer)            Turns: 2242, Time: 00:05:12

Health: -1/28      AC:  2    Str:  6    XL:     5   Next: 0%
Magic:  11/16      EV: 13    Int: 20    God:
Gold:   124        SH:  0    Dex: 15    Spells: 3 memorised, 10 levels left

rFire  . . .     SeeInvis .     j - +0 dagger
rCold  . . .     Gourm    .     a - +0 robe
rNeg   . . .     Faith    .     (no shield)
rPois  .         Spirit   .     (no helmet)
rElec  .         Dismiss  .     (no cloak)
rCorr  .         Reflect  .     (no gloves)
SustAt .         Harm     .     (no boots)
MR     .....                    (no amulet)
Stlth  ++........               (no ring)
                                (no ring)

@: not resistant to hostile enchantments, unstealthy
A: no striking features
a: no special abilities


You were on level 3 of the Dungeon.
You were not hungry.

You visited 1 branch of the dungeon, and saw 3 of its levels.

You collected 124 gold pieces.

Inventory:

Hand Weapons
 j - a +0 dagger (weapon)
 v - a cursed -3 hand axe
Armour
 a - a +0 robe (worn)
Wands
 p - a wand of lightning (9/15)
Scrolls
 e - a scroll of identify {unknown}
 f - 2 scrolls of enchant weapon {unknown}
 k - 2 scrolls of remove curse {unknown}
 n - a scroll of recharging {unknown}
 q - a scroll of immolation {unknown}
 r - a scroll of teleportation {unknown}
 s - a scroll of magic mapping {unknown}
 w - a scroll of noise {unknown}
Potions
 g - a potion of curing
 h - a potion of degeneration {unknown}
 o - a potion of mutation {unknown}
 u - a potion of might {unknown}
 x - a potion of brilliance {unknown}
Books
 b - a book of Conjurations

   Spells                             Type                      Level
   a - Magic Dart                     Conjuration                  1
   b - Searing Ray                    Conjuration                  2
   c - Dazzling Spray                 Conjuration/Hexes            3
   d - Fulminant Prism                Conjuration/Hexes            4
   e - Iskenderun's Mystic Blast      Conjuration                  4
   f - Iskenderun's Battlesphere      Conjuration/Charms           5
 t - a book of Fire

   Spells                             Type                      Level
   a - Ignite Poison                  Fire/Transmutation/Poison    3
   b - Fireball                       Conjuration/Fire             5
   c - Bolt of Fire                   Conjuration/Fire             6
   d - Delayed Fireball               Conjuration/Fire             7
   e - Ring of Flames                 Charms/Fire                  7
Comestibles
 c - a bread ration
 d - a meat ration
 i - 2 slices of pizza
 l - a beef jerky
 m - a royal jelly


   Skills:
 - Level 2.4 Dodging
 - Level 2.4 Stealth
 * Level 7.0 Spellcasting
 - Level 4.3 Conjurations


You had 10 spell levels left.
You knew the following spells:

 Your Spells              Type           Power        Failure   Level  Hunger
a - Magic Dart            Conj           ###.         1%          1    None
b - Dazzling Spray        Conj/Hex       ###...       14%         3    #......
c - Iskenderun's Mystic   Conj           ###.....     17%         4    ###....


Dungeon Overview and Level Annotations

Branches:
Dungeon (3/15)

Altars:
Fedhas
Pakellas
Trog

Annotations:
D:3 TuxedoFelix's ghost, weakling MiFi


Message History

Aim: a kobold Tha magic dart hits tha kobold.
Tha kobold be heavily wounded.
TuxedoFelix's ghost closely misses ye.
Tha kobold barely misses ye.
Castin': Magic Dart Confirm wit' . or Enter, or press ? or * ta list all spells.
Aimin': Magic Dart
Press: ? - help, Shift-Dir - straight line, f/p - kobold
Aim: a kobold (heavily wounded) Tha magic dart hits tha kobold.
Ye kill tha kobold!
Ye haf reached level 5!
TuxedoFelix's ghost hits ye!
* * * LOW HITPOINT WARNIN'
* * * Ye see 'ere a run'd dagger.
Tha goblin hits ye wit' a club.
* * * LOW HITPOINT WARNIN'
* * * Ye see 'ere a fruit.
Tha goblin hits ye wit' a club.
Ye die...

......#.### #.###.###.
..._...)).# #.........
#.....)##.# ##.####.##
#......##.####......#
###....##......###.##
....########..........
###.### #........##
#.#.# #..####### #...#
#..#.@gW.# . ###.#
#..#.%#Kg##+##.. #.#
##.####)##...... #.#
#.........⌠.... #.#
#...........## #.#
#..##'#..##+# #.# #.
#..#..# . #.#
#..#..#..# . #.#
#..####..###########.


You could see TuxedoFelix's ghost, 2 goblins and a kobold.

Vanquished Creatures
  An orc priest (D:2)
  Ijyb (D:2)
  An adder (D:2)
  2 worms (D:2)
  2 dart slugs
  A giant gecko (D:1)
  8 orcs (D:3)
  6 bats
  3 giant cockroaches
  6 goblins
  2 hobgoblins
  6 jackals
  2 quokkas (D:2)
  6 kobolds
  4 rats
51 creatures vanquished.

Notes
Turn   | Place    | Note
--------------------------------------------------------------
     0 | D:1      | Heedrag the Deep Elf Conjurer began the quest for the Orb.
     0 | D:1      | Reached XP level 1. HP: 10/10 MP: 6/6
   343 | D:1      | Reached skill level 4 in Spellcasting
   343 | D:1      | Reached XP level 2. HP: 7/15 MP: 5/9
   990 | D:2      | Reached XP level 3. HP: 15/19 MP: 2/11
  1009 | D:2      | Reached skill level 5 in Spellcasting
  1176 | D:2      | Learned a level 3 spell: Dazzling Spray
  1558 | D:2      | Found a bloodstained altar of Trog.
  1598 | D:2      | Noticed Ijyb
  1604 | D:2      | Killed Ijyb
  1604 | D:2      | Reached skill level 6 in Spellcasting
  1604 | D:2      | Reached XP level 4. HP: 24/24 MP: 7/14
  1628 | D:2      | Learned a level 4 spell: Iskenderun's Mystic Blast
  2038 | D:3      | Found an oddly glowing altar of Pakellas.
  2052 | D:3      | Found a blossoming altar of Fedhas.
  2074 | D:3      | Reached skill level 7 in Spellcasting
  2201 | D:3      | Noticed TuxedoFelix's ghost (weakling MiFi)
  2239 | D:3      | Reached XP level 5. HP: 12/28 MP: 11/16
  2241 | D:3      | HP: 1/28 [goblin/club (2)]
  2242 | D:3      | Slain by a goblin

Skill      XL: |  1  2  3  4 |
---------------+-------------+-----
Spellcasting   | 4 6 7 |  7.0
Dodging        | |  2.4
Stealth        | |  2.4
Conjurations   | |  4.3

Action                   |  1- 3 |  4- 6 || total
-------------------------+-------+-------++-------
Melee: Unarmed           |     5 |       ||     5
       Dagger            |     9 |     1 ||    10
 Cast: Magic Dart        |    75 |    42 ||   117
       Dazzling Spray    |       |     3 ||     3
  Use: Potion            |     1 |       ||     1
  Eat: Chunk             |     2 |     2 ||     4
Armor: Robe              |     3 |     1 ||     4
Dodge: Dodged            |    19 |    21 ||    40
